 Dungeon Crawl Stone Soup version 0.20.1-1-g8b1a95d (webtiles) character file.

5796 homeworkjunkie the Cleaver (level 10, -13/90 HPs)
             Began as a Hill Orc Fighter on Dec 19, 2017.
             Was a High Priest of Okawaru.
             Engulfed by an ice statue's freezing vapour (19 damage)
             ... on level 9 of the Dungeon.
             The game lasted 00:15:22 (7150 turns).

homeworkjunkie the Cleaver (Hill Orc Fighter)       Turns: 7150, Time: 00:15:23

Health: -13/90     AC: 13    Str: 22    XL:     10   Next: 79%
Magic:  9/10       EV: 13    Int: 10    God:    Okawaru [*****.]
Gold:   149        SH: 11    Dex: 11    Spells: 9/9 levels left

rFire    . . .     SeeInvis .   u - +2 broad axe (chop)
rCold    . . .     Gourm    .   c - +0 shield
rNeg     . . .     Faith    .   q - +3 ring mail "Dohomet" {-Cast rElec Regen+ Slay+3}
rPois    .         Spirit   .   j - +1 helmet
rElec    +         Reflect  .   (no cloak)
rCorr    .         Harm     .   s - +0 pair of gloves
MR       .....     NoCast   +   (no boots)
Stlth    +.........             g - amulet of magic regeneration
Regen    0.7/turn               n - ring of flight
MPRegen  0.2/turn               k - +3 ring of evasion

@: flying
A: talons 1, clever 1
a: Heroism, Finesse, Renounce Religion


You were on level 9 of the Dungeon.
You worshipped Okawaru.
Okawaru was extremely pleased with you.
You were not hungry.

You visited 3 branches of the dungeon, and saw 12 of its levels.

You collected 449 gold pieces.
You spent 300 gold pieces at shops.

Inventory:

Hand Weapons
 a - a +0 war axe
 u - a +2 broad axe of chopping (weapon)
Armour
 c - a +0 shield (worn)
 j - a +1 helmet (worn)
 q - the +3 ring mail "Dohomet" (worn) {-Cast rElec Regen+ Slay+3}
   (You found it on level 5 of the Dungeon)

   It affects your accuracy and damage with ranged weapons and melee attacks
   (+3).
   It insulates you from electricity.
   It prevents spellcasting.
   It increases your rate of regeneration.
 s - a +0 pair of gloves (worn)
Jewellery
 g - an amulet of magic regeneration (around neck)
 k - a +3 ring of evasion (right hand)
 m - an uncursed ring of ice
 n - a ring of flight (left hand)
 p - an uncursed ring of see invisible
Wands
 r - a wand of lightning (5/15)
Scrolls
 e - 3 scrolls of teleportation
 i - a scroll of immolation
 l - 6 scrolls of identify
 t - a scroll of remove curse
 w - a scroll of silence {unknown}
Potions
 d - a potion of might
 h - 2 potions of haste
 o - a potion of magic
Comestibles
 b - 2 meat rations
 f - 8 bread rations


   Skills:
 * Level 8.8 Fighting
 * Level 13.6 Axes
 * Level 7.4 Armour
 + Level 2.0 Dodging
 + Level 1.1 Stealth
 * Level 8.1 Shields


You had 9 spell levels left.
You didn't know any spells.

Dungeon Overview and Level Annotations

Branches:
Dungeon (10/15)            Temple (1/1) D:7            Lair (1/6) D:8
    Orc (0/2) D:9

Altars:
Ashenzari
Cheibriados
Dithmenos
Kikubaaqudgha
Okawaru
Qazlal
Ru
Sif Muna
Uskayaw
Vehumet
Xom
Yredelemnul
The Shining One

Shops:
D:7 *   D:9 [

Annotations:
D:9 exclusion: ice statue


Innate Abilities, Weirdness & Mutations

You have sharp toenails.
Your mind is acute. (Int +2)


Message History

The ice statue gestures at you. You block the shard of ice.
n - a ring of flight (left hand)
You feel very buoyant.
You fly up into the air.
You feel somewhat more hungry.
You hit the ice statue but do no damage.
You claw the ice statue, but do no damage.
The ice statue is lightly damaged.
The ice statue gestures.
You hit the ice statue.
You claw the ice statue, but do no damage.
The ice statue is moderately damaged.
You closely miss the ice beast. The ice statue gestures at you.
The bolt of cold hits you!
* * * LOW HITPOINT WARNING * * *
You slice the ice statue!!
The ice statue is heavily damaged.
You slice the ice beast!!
You are engulfed in freezing vapours.
You die...

...# #....#
#.#.### ....
#....# #.#...#
#....#....#
#.###.#
#....#....#
#.....# ######
#######
###############
#$$....≈≈≈.....
#$$..^.≈≈≈K....
#$$....@8≈oK...
#$$....≈Y≈K....
#$$....≈≈≈K....
###############


You could see an ice statue, an ice beast, a big kobold, an orc wizard and 3
kobolds.

Vanquished Creatures
  2 two-headed ogres (D:8)
  The ghost of homeworkjunkie the Cleaver, a novice HOFi of Okawaru (D:9)
  3 hippogriffs
  A spriggan (D:7)
  Menkaure (D:7)
  A water moccasin (D:8)
  A black bear (D:9)
  2 sky beasts
  5 orc warriors
  A phantom (D:9)
  A hornet zombie (D:9)
  2 necrophages
  2 centaurs (D:5)
  4 ogres
  A big kobold (D:7)
  2 bullfrogs
  A water moccasin zombie (D:8)
  A scorpion (D:7)
  5 killer bees (D:7)
  An electric eel (D:9)
  A bullfrog zombie (D:7)
  A crimson imp (D:8)
  A centaur skeleton (D:7)
  3 orc priests
  2 hounds
  7 jellies
  4 orc wizards
  6 worker ants
  A hound zombie (D:5)
  2 hound skeletons
  Robin (D:2)
  9 adders
  A shadow imp (D:8)
  2 adder zombies
  2 worms (D:2)
  5 leopard geckos
  29 orcs
  4 giant cockroaches
  12 goblins
  5 hobgoblins
  7 jackals
  4 quokkas
  7 bats
  4 frilled lizards
  A jackal skeleton (D:4)
  15 kobolds
  5 rats
179 creatures vanquished.

Vanquished Creatures (others)
  A kobold (D:9)
1 creature vanquished.

Grand Total: 180 creatures vanquished

Notes
Turn   | Place    | Note
-------+----------+-------------------------------------------
     0 | D:1      | homeworkjunkie the Hill Orc Fighter began the quest for the Orb.
     0 | D:1      | Reached XP level 1. HP: 19/19 MP: 1/1
   199 | D:1      | Reached XP level 2. HP: 26/27 MP: 2/2
   458 | D:1      | Reached skill level 3 in Axes
   490 | D:1      | Reached XP level 3. HP: 33/33 MP: 3/3
   818 | D:3      | Found a faded altar of an unknown god.
  1241 | D:3      | Reached XP level 4. HP: 40/40 MP: 4/4
  1690 | D:2      | Noticed Robin
  1700 | D:2      | Killed Robin
  2240 | D:2      | Reached skill level 4 in Axes
  2638 | D:1      | Reached XP level 5. HP: 47/47 MP: 5/5
  3026 | D:5      | Entered Level 5 of the Dungeon
  3034 | D:6      | Noticed an orc warrior
  3066 | D:6      | Killed an orc warrior
  3066 | D:6      | Reached skill level 5 in Fighting
  3066 | D:6      | Reached skill level 5 in Axes
  3066 | D:6      | Reached XP level 6. HP: 27/56 MP: 6/6
  3380 | D:5      | Reached skill level 6 in Axes
  3380 | D:5      | Reached skill level 5 in Shields
  3380 | D:5      | Reached XP level 7. HP: 25/61 MP: 7/7
  3671 | D:5      | Reached skill level 5 in Armour
  3891 | D:5      | Got a heavily runed ring mail
  4031 | D:5      | Reached skill level 7 in Axes
  4034 | D:5      | Identified the +3 ring mail "Dohomet" {-Cast rElec Regen+ Slay+3} (You found it on level 5 of the Dungeon)
  4555 | D:4      | Reached XP level 8. HP: 69/69 MP: 8/8
  4694 | D:7      | Reached skill level 8 in Axes
  4761 | D:7      | Found a staircase to the Ecumenical Temple.
  4767 | Temple   | Entered the Ecumenical Temple
  4824 | Temple   | Became a worshipper of Warmaster Okawaru
  4926 | D:7      | Noticed a spriggan baker
  4929 | D:7      | Killed a spriggan baker
  4959 | D:7      | Noticed Menkaure
  4974 | D:7      | Reached skill level 9 in Axes
  4984 | D:7      | Reached * piety under Okawaru
  5008 | D:7      | Killed Menkaure
  5008 | D:7      | Reached skill level 1 in Dodging
  5155 | D:7      | Reached XP level 9. HP: 78/78 MP: 9/9
  5371 | D:7      | Reached skill level 10 in Axes
  5502 | D:7      | Found Zofaibat's Assorted Antiques.
  5505 | D:7      | Bought a scroll of immolation for 84 gold pieces
  5505 | D:7      | Bought a runed broad axe for 168 gold pieces
  5505 | D:7      | Bought a scroll of identify for 48 gold pieces
  5678 | D:7      | Found a radiant altar of Vehumet.
  5743 | D:7      | Found a stormy altar of Qazlal.
  6013 | D:8      | Reached ** piety under Okawaru
  6076 | D:8      | Noticed a two-headed ogre
  6083 | D:8      | Killed a two-headed ogre
  6083 | D:8      | Reached skill level 11 in Axes
  6105 | D:10     | Entered Level 10 of the Dungeon
  6351 | D:8      | Reached *** piety under Okawaru
  6351 | D:8      | Reached skill level 12 in Axes
  6351 | D:8      | Reached XP level 10. HP: 78/88 MP: 10/10
  6445 | D:8      | Reached skill level 1 in Stealth
  6449 | D:8      | Found a staircase to the Lair.
  6454 | Lair:1   | Entered Level 1 of the Lair of Beasts
  6537 | D:7      | Found a basalt altar of Yredelemnul.
  6537 | D:7      | Found a deep blue altar of Sif Muna.
  6726 | D:8      | Noticed a two-headed ogre
  6733 | D:8      | Killed a two-headed ogre
  6733 | D:8      | Reached **** piety under Okawaru
  6944 | D:9      | Gained mutation: You have sharp toenails. [potion of mutation]
  6944 | D:9      | Gained mutation: Your mind is acute. (Int +2) [potion of mutation]
  7010 | D:9      | Noticed homeworkjunkie's ghost (novice HOFi)
  7023 | D:9      | Killed homeworkjunkie's ghost
  7023 | D:9      | Reached skill level 13 in Axes
  7033 | D:9      | Found Ezidwy's Armour Shop.
  7034 | D:9      | Found a staircase to the Orcish Mines.
  7089 | D:9      | Reached ***** piety under Okawaru
  7137 | D:9      | Noticed an ice statue
  7150 | D:9      | Engulfed by an ice statue's freezing vapour

Skill      XL: |  1  2  3  4  5  6  7  8  9 10 |
---------------+-------------------------------+-----
Fighting       | 4 5 6 7 8 |  8.8
Axes           | 3 4 5 6 7 9 12 13 | 13.6
Shields        | 4 5 6 7 8 |  8.1
Armour         | 4 5 6 7 |  7.4
Dodging        | 1 2 |  2.0
Stealth        | 1 |  1.1

Action                   |  1- 3 |  4- 6 |  7- 9 | 10-12 || total
-------------------------+-------+-------+-------+-------++-------
Melee: War axe           |   113 |   156 |   206 |       ||   475
       Broad axe         |       |       |    42 |    69 ||   111
       Kick              |       |       |       |    11 ||    11
 Abil: Evoke Flight      |       |       |       |     1 ||     1
Evoke: Wand              |       |       |       |     5 ||     5
  Use: Scroll            |     1 |     8 |     4 |     1 ||    14
       Potion            |       |     4 |     8 |     4 ||    16
  Eat: Royal jelly       |     1 |     1 |     2 |       ||     4
       Bread ration      |       |     1 |     2 |       ||     3
       Fruit             |       |       |     2 |       ||     2
Armor: Chain mail        |    68 |    54 |       |       ||   122
       Plate armour      |       |    14 |    21 |       ||    35
       Ring mail         |       |       |    53 |    21 ||    74
Dodge: Dodged            |    27 |    51 |    94 |    26 ||   198
Block: Shield            |    69 |    91 |   124 |    25 ||   309
